AoeStats
← OOO4971

Fortress

510073416Analyzed
4v4 RM · 4d ago on Sep 29, 2026· 48m 53s· 8 players
Game mode
Random Map
Map size
Huge
Population
200
Speed
Normal
Resources
Standard
Victory
Conquest
Starting age
Dark Age
Ending age
Imperial Age
RankedLock teamsTeams togetherTeam positionsShared explorationLock speedFull tech treeHidden civsTurbo modeCheats
Victory
Defeat
🇨🇳 Huns · China
746
+16
🇺🇿 Slavs · Uzbekistan
732
+17
🇹🇷 Celts · Türkiye
725
+17
🇬🇷 Teutons · Greece
676
+19
🇨🇳 Spanish · China
788
-19
🇹🇼 Sicilians · Taiwan
769
-18
🇨🇳 Poles · China
767
-18
🇺🇸 Teutons · United States
670
-14
yuanda_sun
8:46 Feudal Age
9:35 Horse Collar
9:45 Double-Bit Axe
11:54 Wheelbarrow
12:13 Gold Mining
12:16 Stone Mining
16:49 Castle Age
17:50 Heavy Plow
18:04 Bow Saw
18:05 Caravan
18:32 Town Watch
19:17 Hand Cart
24:31 Imperial Age
24:59 Town Patrol
25:13 Forging
25:09 Scale Barding Armor
28:08 Iron Casting
28:04 Chain Barding Armor
31:17 Two-Man Saw
30:58 Plate Barding Armor
31:24 Blast Furnace
30:17 Fletching
32:22 Husbandry
32:35 Bloodlines
32:16 Cavalier
34:50 Masonry
35:01 Ballistics
35:42 Chemistry
34:39 Murder Holes
36:23 Elite Skirmisher
37:28 Paladin
38:56 Scale Mail Armor
39:00 Padded Archer Armor
39:10 Bodkin Arrow
OOO4971
5:37 Loom
8:33 Feudal Age
15:28 Castle Age
14:07 Double-Bit Axe
14:06 Horse Collar
15:48 Forging
15:39 Scale Mail Armor
15:55 Forging
17:21 Fletching
18:48 Heavy Plow
18:43 Gold Mining
22:29 Wheelbarrow
21:44 Town Watch
28:40 Imperial Age
27:04 Stronghold
27:15 Stone Mining
28:14 Caravan
30:14 Chain Mail Armor
30:35 Iron Casting
29:56 Bodkin Arrow
31:26 Bow Saw
31:47 Capped Ram
36:37 Blast Furnace
36:08 Plate Mail Armor
38:23 Ballistics
42:03 Padded Archer Armor
42:44 Elite Woad Raider
42:48 Elite Woad Raider
48:40 Chemistry
47:17 Siege Ram
Elentin
7:49 Feudal Age
12:29 Castle Age
12:52 Double-Bit Axe
12:51 Horse Collar
18:30 Stone Mining
25:50 Imperial Age
23:36 Gold Mining
24:27 Stone Shaft Mining
24:05 Bow Saw
23:58 Heavy Plow
25:24 Wheelbarrow
24:36 Loom
27:55 Crop Rotation
28:28 Two-Man Saw
28:46 Forging
28:27 Fletching
28:38 Scale Mail Armor
28:03 Elite Teutonic Knight
29:51 Hand Cart
29:23 Town Watch
31:32 Crenellations
32:07 Gambesons
31:48 Heavy Scorpion
33:39 Chemistry
33:00 Ballistics
33:22 Bodkin Arrow
33:45 Chain Mail Armor
34:26 Squires
34:14 Arson
33:54 Pikeman
35:13 Conscription
36:13 Halberdier
45:58 Fervor
ruthlessfatality
7:51 Feudal Age
9:41 Wheelbarrow
8:55 Double-Bit Axe
8:54 Horse Collar
14:47 Castle Age
12:56 Stone Mining
12:59 Gold Mining
16:37 Hand Cart
17:10 Bow Saw
18:38 Heavy Plow
21:47 Squires
23:23 Gold Shaft Mining
22:46 Pikeman
23:29 Scale Mail Armor
23:39 Forging
24:00 Scale Barding Armor
29:10 Imperial Age
27:51 Chain Mail Armor
28:11 Iron Casting
30:32 Caravan
31:02 Coinage
31:34 Plate Mail Armor
32:05 Blast Furnace
31:06 Padded Archer Armor
30:57 Fletching
31:47 Halberdier
32:26 Town Watch
32:27 Loom
34:08 Banking
33:11 Heavy Scorpion
35:25 Leather Archer Armor
35:06 Bodkin Arrow
36:32 Town Patrol
37:34 Chemistry
36:55 Ballistics
36:46 Masonry
36:33 Murder Holes
36:49 Fortified Wall
37:27 Conscription
37:16 Druzhina
37:19 Detinets
36:50 Sappers
37:56 Hoardings
39:25 Ring Archer Armor
39:16 Chain Barding Armor
41:17 Plate Barding Armor
46:51 Two-Man Saw
46:30 Crop Rotation
48:51 Siege Engineers
Gracious__Buds
9:24 Feudal Age
10:41 Wheelbarrow
9:56 Double-Bit Axe
9:54 Horse Collar
14:41 Castle Age
13:52 Stone Mining
14:14 Gold Mining
14:20 Fletching
15:40 Hand Cart
15:28 Heavy Plow
15:46 Bow Saw
20:22 Stone Shaft Mining
23:28 Loom
26:24 Imperial Age
24:20 Bodkin Arrow
27:12 Ballistics
27:49 Crop Rotation
28:31 Two-Man Saw
28:00 Crenellations
29:23 Caravan
29:54 Coinage
29:45 Scale Mail Armor
29:56 Forging
31:34 Chemistry
31:01 Chain Mail Armor
33:08 Plate Mail Armor
33:14 Iron Casting
33:20 Hoardings
33:15 Conscription
33:21 Guilds
33:42 Banking
34:05 Padded Archer Armor
34:35 Elite Teutonic Knight
36:45 Blast Furnace
36:29 Arrowslits
37:22 Cavalier
39:53 Pikeman
40:43 Gambesons
40:59 Squires
42:03 Halberdier
43:17 Ironclad
story
1:11 Loom
7:58 Feudal Age
11:49 Castle Age
10:04 Double-Bit Axe
10:01 Horse Collar
16:02 Bow Saw
19:06 Heavy Plow
26:46 Imperial Age
24:52 Wheelbarrow
24:03 Town Watch
26:43 Hand Cart
26:29 Town Patrol
27:14 Gold Mining
27:15 Stone Mining
27:54 Scale Barding Armor
28:00 Forging
29:55 Two-Man Saw
30:59 Chemistry
30:10 Fortified Wall
30:23 Conscription
30:25 Chain Barding Armor
30:41 Iron Casting
30:07 Padded Archer Armor
29:58 Fletching
30:08 Scale Mail Armor
31:05 Stone Shaft Mining
29:55 Cavalier
30:36 Husbandry
31:37 Hoardings
32:01 Paladin
32:52 Bloodlines
32:03 Light Cavalry
32:43 Murder Holes
33:10 Ballistics
33:25 Pikeman
34:06 Squires
33:51 Arson
ksffvbh
0:29 Loom
13:49 Feudal Age
15:55 Wheelbarrow
15:10 Double-Bit Axe
15:51 Horse Collar
18:39 Castle Age
19:32 Bow Saw
19:47 Hand Cart
19:38 Heavy Plow
19:34 Stone Mining
19:38 Gold Mining
20:31 Town Watch
23:13 Treadmill Crane
29:03 Scale Barding Armor
29:08 Forging
29:02 Husbandry
29:12 Bloodlines
28:23 Light Cavalry
32:17 Imperial Age
30:10 Chain Barding Armor
33:18 Iron Casting
33:41 Conscription
33:41 Lechitic Legacy
32:48 Winged Hussar
36:29 Blast Furnace
38:25 Crop Rotation
43:02 Szlachta Privileges
42:23 Cavalier
瀧注洄洮
8:55 Feudal Age
14:47 Double-Bit Axe
14:45 Horse Collar
18:28 Castle Age
17:39 Stone Mining
17:39 Gold Mining
17:45 Gold Mining
19:42 Bow Saw
23:34 Imperial Age
22:24 Heavy Plow
23:02 Wheelbarrow
22:13 Loom
22:13 Town Watch
25:41 Elite Serjeant
29:18 Crop Rotation
30:29 Capped Ram
32:14 First Crusade
33:17 Ballistics
33:28 Forging
33:18 Scale Mail Armor
33:06 Gambesons
33:22 Squires
33:07 Arson
34:34 Siege Ram
35:49 Chain Mail Armor
39:38 Conscription
39:56 Iron Casting
39:52 Plate Mail Armor
39:14 Fletching
45:42 Bloodlines
45:33 Husbandry
46:47 Bodkin Arrow
Connection lost

Rejoining the realm…

Still unreachable

The connection could not be restored.

Session expired

The server has moved on; the page needs a fresh start.